cohdb
Replays
Latest Replays
All Replays
Popular Replays
Top Player Replays
Match Explorer
How It Works
Community
CoH3 Stats
Reddit
Sign in to upload your games and track your stats! →
Sign in with Steam
Match 47294395
Unlisted
Match 47294395
Overview
Messages
Build Orders
End
Selects Italian Combined Arms Battlegroup
Selects Bersaglieri Squad
Bersaglieri Squad
Panzergrenadier Squad
Bersaglieri Squad
Construct Light Support Kompanie
2.5-tonne Medical Truck
Fire Support Elements
Panzerjäger Squad
Selects Bersaglieri Bolster
Pak 38 Anti-tank Gun Team
Selects Breda Model 30 Light Machine Guns
Panzerpioneer Squad
Construct Panzerarmee Kommand
T_Jark
Yox
Guyve
cowald
快跑鸭队长
RitraXP
7sv7jhgu
Silva076
0
0
Comments
sign in to comment!
No comments posted yet!